 Dungeon Crawl Stone Soup version 0.21.1-1-g345015f (webtiles) character file.

200 tidbits the Sneak (level 5, 12/37 HPs)
             Began as a Gnoll Enchanter on June 6, 2018.
             Quit the game on level 5 of the Dungeon.
             The game lasted 00:11:33 (979 turns).

tidbits the Sneak (Gnoll Enchanter)                  Turns: 979, Time: 00:11:35

Health: 12/37      AC:  6    Str: 10    XL:     5   Next: 79%
Magic:  2/12       EV: 15    Int: 19    God:
Gold:   129        SH:  0    Dex: 15    Spells: 2/14 levels left

rFire    . . .     SeeInvis +   a - +1 dagger
rCold    . . .     Gourm    .   (no shield)
rNeg     . . .     Faith    .   B - +2 robe {Archmagi}
rPois    .         Spirit   .   E - +2 hat
rElec    .         Reflect  .   (no cloak)
rCorr    .         Harm     .   (no gloves)
MR       .....                  (no boots)
Stlth    +++.......             (no amulet)
HPRegen  0.12/turn              W - ring of wizardry
MPRegen  0.13/turn              I - ring of see invisible

@: no status effects
A: distributed training, fangs 1, strong nose
a: no special abilities


You were on level 5 of the Dungeon.
You were very hungry.

You visited 1 branch of the dungeon, and saw 6 of its levels.

You collected 129 gold pieces.

Inventory:

Hand Weapons
 a - a +1 dagger (weapon)
 f - a +0 flail
 g - a +0 blowgun
 h - a +0 short sword
 n - a +0 long sword
 w - a +0 war axe
Missiles
 i - 39 arrows
 k - 17 sling bullets
 m - 54 stones (quivered)
 t - 73 bolts
 v - 5 poisoned needles
 y - 8 javelins
Armour
 b - a +0 robe
 j - a +2 scale mail of magic resistance
   (You found it on level 5 of the Dungeon)
 s - a +0 leather armour of fire resistance
   (You found it on level 1 of the Dungeon)
 B - a +2 robe of the Archmagi (worn)
   (You found it on level 4 of the Dungeon)
 E - a +2 hat (worn)
Jewellery
 I - a ring of see invisible (right hand)
   (You found it on level 5 of the Dungeon)
 W - a ring of wizardry (left hand)
   (You found it on level 2 of the Dungeon)
Scrolls
 e - a scroll of fear {unknown}
 q - 5 scrolls of identify {unknown}
 r - 3 scrolls of remove curse
 x - a scroll of magic mapping {unknown}
Potions
 l - a potion of curing {unknown}
 o - a potion of degeneration {unknown}
 p - a potion of brilliance
 u - 2 potions of agility {unknown}
 z - a potion of ambrosia
Books
 d - a book of Maledictions

   Spells                             Type                      Level
   a - Corona                         Hexes                        1
   b - Ensorcelled Hibernation        Hexes/Ice                    2
   c - Confuse                        Hexes                        3
   d - Tukima's Dance                 Hexes                        3
   e - Dazzling Spray                 Conjuration/Hexes            3
Comestibles
 c - 4 rations


   Skills:
 + Level 1.6 Fighting
 + Level 3.0 Short Blades
 + Level 1.6 Long Blades
 + Level 1.6 Axes
 + Level 1.6 Maces & Flails
 + Level 1.6 Polearms
 + Level 1.6 Staves
 + Level 1.6 Slings
 + Level 1.6 Bows
 + Level 1.6 Crossbows
 + Level 1.6 Throwing
 + Level 1.6 Armour
 + Level 4.8 Dodging
 + Level 6.2 Stealth
 + Level 1.6 Shields
 + Level 1.6 Unarmed Combat
 + Level 5.2 Spellcasting
 + Level 1.2 Conjurations
 + Level 5.5 Hexes
 + Level 1.2 Charms
 + Level 1.2 Summonings
 + Level 1.2 Necromancy
 + Level 1.2 Translocations
 + Level 1.2 Transmutations
 + Level 1.2 Fire Magic
 + Level 1.2 Ice Magic
 + Level 1.2 Air Magic
 + Level 1.2 Earth Magic
 + Level 1.2 Poison Magic
 + Level 1.8 Invocations
 + Level 1.6 Evocations


You had 2 spell levels left.
You knew the following spells:

 Your Spells              Type           Power        Failure   Level  Hunger
a - Corona                Hex            #####..      1%          1    None
b - Tukima's Dance        Hex            #####...     1%          3    ##.....
c - Confuse               Hex            #####...     1%          3    ##.....
d - Dazzling Spray        Conj/Hex       ####..       3%          3    ##.....
e - Ensorcelled Hibernat  Hex/Ice        ####..       1%          2    #......


Dungeon Overview and Level Annotations

Branches:
Dungeon (6/15)
 Temple: D:4-7

Altars:
Gozag
Wu Jian


Innate Abilities, Weirdness & Mutations

Your experience applies equally to all skills.
You have very sharp teeth.
Your uncanny sense of smell can sniff out nearby items.


Message History

A - an embroidered hat Wear which item? (? for menu, Esc to quit)
You start putting on your armour.
You continue putting on your embroidered hat. x4
You finish putting on your +2 hat.
Adjust (i)tems, (s)pells, or (a)bilities?
Adjust which item? (? for menu, Esc to quit)
A - a +2 hat (worn)
Adjust to which letter? (? for menu, Esc to quit)
E - a +2 hat (worn)
You see here 12 gold pieces.
You now have 117 gold pieces (gained 12).
Found a stone staircase leading up.
There is a stone staircase leading up here.
You climb upwards.
Found an escape hatch in the floor.
There is a stone staircase leading down here.
Unknown command.
A killer bee zombie comes into view.
A worker ant and an ice beast come into view.
The killer bee zombie hits you but does no damage.
You closely miss the killer bee zombie. The killer bee zombie hits you. x2
Unknown command.
Casting: Corona
Confirm with . or Enter, or press ? or * to list all spells.
Aiming: Confuse
Press: ? - help, Shift-Dir - straight line, f - killer bee zombie
Aim: a killer bee zombie (chance to defeat MR: 78%)
You feel a surge of power!
The killer bee zombie barely resists.
The killer bee zombie closely misses you.
Casting: Confuse
Confirm with . or Enter, or press ? or * to list all spells.
Aiming: Confuse
Press: ? - help, Shift-Dir - straight line, f/p - killer bee zombie
Aim: a killer bee zombie (chance to defeat MR: 78%)
You feel a surge of power!
The killer bee zombie appears confused.
The killer bee zombie closely misses the worker ant.
Casting: Confuse
Confirm with . or Enter, or press ? or * to list all spells.
Aiming: Ensorcelled Hibernation
Press: ? - help, Shift-Dir - straight line, f - worker ant
Aim: a worker ant (chance to defeat MR: 64%)
You feel a surge of power!
The worker ant looks drowsy...
The helpless worker ant fails to defend itself.
You impale the worker ant!!
You kill the worker ant!
An adder comes into view.
Found 12 gold pieces.
You closely miss the adder.
The adder hisses angrily.
The adder bites you. The ice beast barely misses you.
Casting: Ensorcelled Hibernation
Confirm with . or Enter, or press ? or * to list all spells.
Aiming: Ensorcelled Hibernation
Press: ? - help, Shift-Dir - straight line, f - adder
Aim: an adder (chance to defeat MR: 64%)
You feel a surge of power!
The adder looks drowsy...
The ice beast closely misses you.
The helpless adder fails to defend itself.
You impale the adder!!
You kill the adder!
The ice beast misses you.
You see here an adder corpse.
An orc comes into view. It is wielding a club.
The orc shouts!
You hear a shout! x3
You aren't carrying any items that you can evoke.
Unknown command.
An orc wizard comes into view. It is wielding an enchanted dagger.
You are feeling very hungry.
The orc wizard casts a spell.
The orc wizard flickers and vanishes for a moment.
Found a ruby potion.
An orc wizard comes into view. It is wielding a dagger.
You see here 12 gold pieces.
You now have 129 gold pieces (gained 12).
The orc wizard casts a spell.
The orc wizard flickers and vanishes for a moment.
An orc comes into view. It is wielding a club.
The orc hits you with a club.
The orc moves out of view.
A centaur comes into view.
The centaur wields a shortbow.
The centaur shoots an arrow.
The arrow barely misses the orc wizard.
The arrow completely misses you. The orc wizard closely misses you.
An orc comes into view. It is wielding a club.
The centaur shoots an arrow.
The arrow hits you.
The ice beast hits you but does no damage.
The orc shouts!
Found a metallic emerald potion.
You see here an arrow.
The centaur shoots an arrow.
The arrow barely misses you.
Found a fuming cyan potion.
The centaur shoots an arrow.
The arrow barely misses you. The orc wizard casts a spell at you.
The magic dart hits you!
The centaur shoots an arrow.
The arrow hits you!
* * * LOW HITPOINT WARNING * * *
The centaur shoots an arrow.
The arrow hits you.
* * * LOW HITPOINT WARNING * * *
You see here 2 arrows.
Are you sure you want to abandon this character and quit the game? (Confirm with "yes".)

#.## #######......<....#..#
#.
#..#########.#.########...#
#. ##.†...........#
#...#.###. ####.....(..##
#......†.. #........###
#......##.
#.....(..(.######......##.
...........(.............#..
####.....oY.................
#....ooo.@....#.(.......#.
#.c......!...##.#.......#.
..o##............#.......#.
##. #..........### #####.#.
. ....!.......# ###.#.
###.....Z.!....#####...#.
#...................##..
...........#.....#####..
..##....##..


You could see an ice beast, a centaur, 2 orc wizards, 2 orcs and a bullfrog
zombie (wandering).

Vanquished Creatures
  2 orc wizards (D:4)
  2 worker ants
  A worker ant zombie (D:6)
  4 adders
  A worm (D:4)
  10 orcs
  A bat (D:1)
  3 giant cockroaches
  2 goblins (D:3)
  3 hobgoblins
  2 jackals (D:3)
  5 kobolds
  A quokka (D:4)
  A ball python skeleton (D:4)
  3 frilled lizards
  A quokka skeleton (D:5)
  4 rats (D:3)
46 creatures vanquished.

Notes
Turn   | Place    | Note
-------+----------+-------------------------------------------
     0 | D:1      | tidbits the Gnoll Enchanter began the quest for the Orb.
     0 | D:1      | Reached XP level 1. HP: 13/13 MP: 6/6
   127 | D:2      | Reached XP level 2. HP: 16/19 MP: 5/7
   131 | D:2      | Learned a level 2 spell: Ensorcelled Hibernation
   230 | D:3      | Reached skill level 5 in Spellcasting
   230 | D:3      | Reached XP level 3. HP: 19/25 MP: 4/9
   232 | D:3      | Reached skill level 6 in Stealth
   232 | D:3      | Reached skill level 1 in Invocations
   239 | D:3      | Found an opulent altar of Gozag.
   426 | D:3      | Reached skill level 1 in Fighting
   426 | D:3      | Reached skill level 1 in Long Blades
   426 | D:3      | Reached skill level 1 in Axes
   426 | D:3      | Reached skill level 1 in Maces & Flails
   426 | D:3      | Reached skill level 1 in Polearms
   426 | D:3      | Reached skill level 1 in Staves
   426 | D:3      | Reached skill level 1 in Slings
   426 | D:3      | Reached skill level 1 in Bows
   426 | D:3      | Reached skill level 1 in Crossbows
   426 | D:3      | Reached skill level 1 in Throwing
   426 | D:3      | Reached skill level 1 in Armour
   426 | D:3      | Reached skill level 1 in Shields
   426 | D:3      | Reached skill level 1 in Unarmed Combat
   426 | D:3      | Reached skill level 1 in Evocations
   441 | D:3      | Reached XP level 4. HP: 20/32 MP: 1/11
   529 | D:2      | Found an ornate altar of the Wu Jian Council.
   624 | D:4      | Reached skill level 1 in Conjurations
   624 | D:4      | Reached skill level 1 in Charms
   624 | D:4      | Reached skill level 1 in Summonings
   624 | D:4      | Reached skill level 1 in Necromancy
   624 | D:4      | Reached skill level 1 in Translocations
   624 | D:4      | Reached skill level 1 in Transmutations
   624 | D:4      | Reached skill level 1 in Fire Magic
   624 | D:4      | Reached skill level 1 in Ice Magic
   624 | D:4      | Reached skill level 1 in Air Magic
   624 | D:4      | Reached skill level 1 in Earth Magic
   624 | D:4      | Reached skill level 1 in Poison Magic
   624 | D:4      | Reached XP level 5. HP: 10/37 MP: 1/12
   681 | D:4      | Learned a level 3 spell: Confuse
   685 | D:4      | Learned a level 3 spell: Tukima's Dance
   689 | D:4      | Learned a level 3 spell: Dazzling Spray
   753 | D:5      | Entered Level 5 of the Dungeon
   898 | D:6      | Reached skill level 3 in Short Blades
   943 | D:5      | Noticed an ice beast
   974 | D:5      | Noticed a centaur
   979 | D:5      | Quit the game

Skill      XL: |  1  2  3  4  5 |
---------------+----------------+-----
Spellcasting   | 5 |  5.2
Stealth        | 6 |  6.2
Invocations    | 1 |  1.8
Fighting       | 1 |  1.6
Long Blades    | 1 |  1.6
Axes           | 1 |  1.6
Maces & Flails | 1 |  1.6
Polearms       | 1 |  1.6
Staves         | 1 |  1.6
Slings         | 1 |  1.6
Bows           | 1 |  1.6
Crossbows      | 1 |  1.6
Throwing       | 1 |  1.6
Armour         | 1 |  1.6
Shields        | 1 |  1.6
Unarmed Combat | 1 |  1.6
Evocations     | 1 |  1.6
Conjurations   | 1 |  1.2
Charms         | 1 |  1.2
Summonings     | 1 |  1.2
Necromancy     | 1 |  1.2
Translocations | 1 |  1.2
Transmutations | 1 |  1.2
Fire Magic     | 1 |  1.2
Ice Magic      | 1 |  1.2
Air Magic      | 1 |  1.2
Earth Magic    | 1 |  1.2
Poison Magic   | 1 |  1.2
Short Blades   | 3 |  3.0
Dodging        | |  4.8
Hexes          | |  5.5

Action                   |  1- 3 |  4- 6 || total
-------------------------+-------+-------++-------
Melee: Dagger            |    82 |    50 ||   132
       Bite              |     9 |     3 ||    12
       Punch             |       |     1 ||     1
Throw: Stone             |       |     1 ||     1
 Cast: Corona            |    13 |     4 ||    17
       Ensorcelled Hiber |    12 |    22 ||    34
       Confuse           |       |     8 ||     8
  Use: Potion            |       |     3 ||     3
       Scroll            |       |     1 ||     1
 Stab: Sleeping          |     9 |    13 ||    22
       Confused          |       |     2 ||     2
Armor: Leather armour    |    17 |       ||    17
       Robe              |       |     9 ||     9
Dodge: Dodged            |    54 |    35 ||    89

Table legend:
 A = Turns spent in this place as a percentage of turns spent in the entire game.
 B = Non-inter-level travel turns spent in this place as a percentage of non-inter-level travel turns spent in the entire game.
 C = Inter-level travel turns spent in this place as a percentage of turns spent in this place.
 D = Turns resting spent in this place as a percentage of non-inter-level travel turns spent in this place.
 E = Turns spent auto-exploring this place as a percentage of non-inter-level travel turns spent in this place.
 F = Non-inter-level travel turns spent in this place divided by the number of levels of this place that you've seen.
                   A       B       C       D       E      F
               +-------+-------+-------+-------+-------+----------------------
         Total | 100.0 | 100.0 |   0.0 |   0.0 |   0.0 | 163.2
       Dungeon | 100.0 | 100.0 |   0.0 |   0.0 |   0.0 | 163.2
               +-------+-------+-------+-------+-------+----------------------

Table legend:
 A = Kills in this place as a percentage of kills in entire the game.
 B = Kills by you in this place as a percentage of kills by you in the entire game.
 C = Kills by friends in this place as a percentage of kills by friends in the entire game.
 D = Other kills in this place as a percentage of other kills in the entire game.
 E = Experience gained in this place as a percentage of experience gained in the entire game.
 F = Experience gained in this place divided by the number of levels of this place that you have seen.
                   A       B       C       D       E      F
               +-------+-------+-------+-------+-------+----------------------
         Total | 100.0 | 100.0 |   N/A |   N/A | 100.0 |  47.8
       Dungeon | 100.0 | 100.0 |   N/A |   N/A | 100.0 |  47.8
               +-------+-------+-------+-------+-------+----------------------

Vault maps used:
D:1:      co_arrival_square_in_a_square_in_a_square, minivault_14, st_stairs_1
D:2:      nemelex_xobeh_ov_fountains_minmay, nicolae_dithmenos_shadow_blocks,
          nicolae_overflow_hidden_temple, first_ration
D:3:      kennysheep_vampire_church, nicolae_gozag_seed_capital,
          kennysheep_generic_room_10
D:4:      led_sif_book
D:5:      grunt_temple_overflow_diamond, uniq_eustachio
D:6:      elyvilon_altar_1, uniq_edmund
